 Dungeon Crawl Stone Soup version 0.25-a0-835-gb37b1c2 (webtiles) character file.

Game seed: 16006755738497720967, levelgen mode: deterministic

1703 robertstho the Spear-Bearer (level 9, -1/68 HPs)
             Began as a Merfolk Gladiator on Apr 23, 2020.
             Was a Follower of Okawaru.
             Killed by divine providence
             ... invoked by an orc priest
              (12 damage)
             ... on level 6 of the Dungeon.
             The game lasted 00:09:34 (5772 turns).

robertstho the Spear-Bearer (Merfolk Gladiator)     Turns: 5772, Time: 00:09:35

Health: -1/68      AC: 18    Str: 17    XL:     9   Next: 3%
Magic:  0/10       EV: 11    Int:  7    God:    Okawaru [*.....]
Gold:   281        SH:  0    Dex: 16    Spells: 8/8 levels left

rFire    . . .     SeeInvis .   s - +1 halberd
rCold    + . .     Gourm    .   (shield currently unavailable)
rNeg     + . .     Faith    .   F - +3 plate armour {ponderous}
rPois    .         Spirit   +   c - +0 helmet
rElec    .         Reflect  .   (no cloak)
rCorr    .         Harm     .   (no gloves)
MR       .....                  C - +0 pair of boots
Stlth    ..........             e - amulet of guardian spirit
HPRegen  0.21/turn              n - ring of protection from cold
MPRegen  0.12/turn              v - ring of positive energy

@: heroism, slow
A: change form in water, swift swim, stealthy swim
a: Heroism, Renounce Religion


You were on level 6 of the Dungeon.
You worshipped Okawaru.
Okawaru was aware of your devotion.
You were not hungry.

You visited 1 branch of the dungeon, and saw 6 of its levels.

You collected 281 gold pieces.

Inventory:

Hand Weapons
 a - a +0 trident
 s - a +1 halberd (weapon)
Missiles
 d - 4 throwing nets (quivered)
Armour
 c - a +0 helmet (worn)
 C - a +0 pair of boots (worn)
 F - a +3 plate armour of ponderousness (worn)
Jewellery
 e - an amulet of guardian spirit (around neck)
 n - a ring of protection from cold (left hand)
 v - a ring of positive energy (right hand)
 D - an uncursed ring of positive energy
 G - an uncursed ring of fire
Wands
 A - a wand of iceblast (7)
Scrolls
 g - 2 scrolls of teleportation {unknown}
 h - 2 scrolls of enchant weapon
 i - 4 scrolls of remove curse
 k - a scroll of blinking
 l - 2 scrolls of fog
 p - 2 scrolls of amnesia {unknown}
 u - 2 scrolls of magic mapping {unknown}
 y - 2 scrolls of enchant armour
Potions
 b - 2 potions of curing
 j - a potion of might
 m - 2 potions of mutation
 q - 3 potions of stabbing
 t - a potion of cancellation
 z - 2 potions of invisibility
 E - a potion of haste
Comestibles
 f - 6 rations


   Skills:
 * Level 5.4(10.4) Fighting
 * Level 12.1(17.1) Polearms
 + Level 2.3(7.3) Throwing
 + Level 2.2(7.2) Armour
 * Level 6.8(11.8) Dodging
 - Level 0.3(5.3) Stealth
 * Level 2.1 Invocations


You had 8 spell levels left.
You didn't know any spells.
Your spell library contained the following spells:

 Spells                   Type           Power        Failure   Level  Hunger
 Corona                   Hex            #......      100%        1    ##.....
 Ensorcelled Hibernation  Hex/Ice        #.....       100%        2    ###....
 Confusing Touch          Hex            #.......     100%        3    ####...
 Dazzling Flash           Conj/Hex       #.....       100%        3    ####...
 Tukima's Dance           Hex            #.......     100%        3    ####...


Dungeon Overview and Level Annotations

Branches:
Dungeon (6/15)             Temple (0/1) D:6

Altars:
Okawaru
Trog

Shops:
D:6 [:=:

Annotations:
D:6 397 chain


Message History

a +0 scimitar; a +0 chain mail; 13 gold pieces You closely miss something.
You puncture something! Okawaru accepts your kill.
Reactivating autopickup.
You feel a bit more experienced.
The orc priest hits you with a +0 short sword.
The orc priest hits you but does no damage.
Things that are here:
a +0 dagger; a +0 robe You closely miss the orc priest.
You closely miss the orc priest.
The orc priest mumbles some strange prayers to Beogh against you.
Beogh smites you!
* * * LOW HITPOINT WARNING * * *
You hit the orc priest.
The orc priest is moderately wounded.
The orc priest mumbles some strange prayers to Beogh against you.
Beogh smites you!
You die...

.# #.#.#
#####.#####.########... ##
#/#.###.....# #......[.....
# #)...>......#
#..#######... .
###..##.###.# #....#####..#
#.
#.........#####..#.........
#
#.<#####.........#.#####..#
....# #.#.###...#.#####..#
##..# #..o...............#
##.# #.#@#..#(..........#
#.# #.#)#..........#####
..#.#.#o#.#.#..#
####.#........รท.#
#.#.#.#.#.#..#
.............#
###.#.#.#.#..# #.........[#
#.#.#.#.#..#


You could see an orc priest.

Vanquished Creatures
  Sigmund (D:3)
  Eustachio (D:4)
  2 orc warriors (D:6)
  3 ogres
  2 centaurs (D:5)
  2 bullfrogs (D:6)
  A scorpion (D:4)
  A howler monkey (D:4)
  2 crimson imps
  2 hounds
  A centaur skeleton (D:5)
  A jelly (D:6)
  2 bullfrog skeletons
  3 orc priests
  2 orc wizards (D:6)
  A howler monkey skeleton (D:5)
  6 adders
  3 gnolls (D:2)
  An adder zombie (D:5)
  2 worms (D:2)
  2 dart slugs (D:2)
  2 leopard geckos
  14 orcs
  7 bats
  4 giant cockroaches
  10 goblins
  4 hobgoblins
  13 jackals
  13 kobolds
  6 quokkas
  5 frilled lizards
  11 rats
130 creatures vanquished.

Notes
Turn   | Place    | Note
-------+----------+-------------------------------------------
     0 | D:1      | robertstho the Merfolk Gladiator began the quest for the
                  | Orb.
     0 | D:1      | Reached XP level 1. HP: 16/16 MP: 1/1
   147 | D:1      | Reached XP level 2. HP: 7/23 MP: 2/2
   585 | D:1      | Reached skill level 5 in Polearms
   653 | D:1      | Reached XP level 3. HP: 24/28 MP: 3/3
  1184 | D:2      | Reached XP level 4. HP: 34/34 MP: 4/4
  1203 | D:2      | Reached skill level 6 in Polearms
  1326 | D:2      | You fall into a shaft and drop 1 floor!
  1469 | D:2      | Reached XP level 5. HP: 36/40 MP: 5/5
  2092 | D:3      | Reached skill level 7 in Polearms
  2095 | D:3      | Reached skill level 5 in Dodging
  2155 | D:3      | Noticed Sigmund
  2197 | D:3      | Killed Sigmund
  2197 | D:3      | Reached skill level 8 in Polearms
  2197 | D:3      | Reached XP level 6. HP: 28/47 MP: 6/6
  3115 | D:3      | Reached XP level 7. HP: 6/53 MP: 7/7
  3396 | D:4      | Reached skill level 9 in Polearms
  3449 | D:4      | Found a bloodstained altar of Trog.
  3471 | D:4      | Noticed Eustachio
  3498 | D:4      | Reached skill level 1 in Armour
  3517 | D:4      | Killed Eustachio
  3517 | D:4      | Reached skill level 10 in Polearms
  4069 | D:5      | Entered Level 5 of the Dungeon
  4109 | D:5      | Found an iron altar of Okawaru.
  4117 | D:5      | Reached XP level 8. HP: 41/61 MP: 5/8
  4197 | D:5      | Became a worshipper of Warmaster Okawaru
  4469 | D:5      | Reached skill level 11 in Polearms
  5011 | D:6      | Reached skill level 1 in Invocations
  5051 | D:6      | Found Bapaf's Book Shoppe.
  5129 | D:6      | Found Bel Miet's Jewellery Boutique.
  5157 | D:6      | Reached skill level 5 in Fighting
  5160 | D:6      | Found Ceasain's Book Shoppe.
  5221 | D:6      | Found a staircase to the Ecumenical Temple.
  5281 | D:6      | Found Ereniff's Armour Boutique.
  5419 | D:6      | Reached * piety under Okawaru
  5765 | D:6      | Reached skill level 12 in Polearms
  5765 | D:6      | Reached XP level 9. HP: 26/68 MP: 2/10
  5772 | D:6      | Killed from afar by an orc priest

Levels and vault maps discovered:
D:1:      onia_arrival_pyramid, layout_loops_cross
D:2:      layout_basic, st_stairs_6, minmay_pentomino_s4
D:3:      layout_basic, uniq_sigmund
D:4:      layout_cave_pools, first_ration, minivault_5,
          trog_three_pillars_becter, uniq_eustachio
D:5:      layout_rooms, lemuel_crystal_altar
D:6:      layout_loops_ring, minmay_temple_entry_crystal_x, serial_glass,
          glass_columns_c, glass_columns_a, glass_columns_a, glass_columns_a,
          serial_shops, shop, shop, nicolae_shop_waterfront,
          kennysheep_little_box

Skill      XL: |  1  2  3  4  5  6  7  8 |
---------------+-------------------------+-----
Polearms       | 5 6 8 10 12 | 12.1
Fighting       | 3 4 5 |  5.4
Dodging        | 5 6 |  6.8
Armour         | 1 2 |  2.2
Invocations    | 2 |  2.1
Throwing       | |  2.3
Stealth        | |  0.3

Action                   |  1- 3 |  4- 6 |  7- 9 || total
-------------------------+-------+-------+-------++-------
Melee: Trident           |   133 |    15 |       ||   148
       Halberd           |       |   186 |   208 ||   394
Invok: Heroism           |       |       |     2 ||     2
  Use: Potion            |       |     4 |       ||     4
       Scroll            |       |       |    13 ||    13
  Eat: Chunk             |     1 |     6 |     9 ||    16
Armor: Ring mail         |    39 |       |       ||    39
       Chain mail        |       |    94 |    53 ||   147
       Skin              |       |     5 |       ||     5
       Plate armour      |       |       |     9 ||     9
Dodge: Dodged            |    76 |    78 |    70 ||   224

Table legend:
 A = Non-vault XP
 B = Vault XP
 C = Vault XP percentage of total XP
 D = Non-vault monster count
 E = Vault monster count
 F = Vault count percentage of total count
                 A         B        C        D         E       F
            +---------+---------+-------+---------+---------+-------
      Total |    1975 |     459 |  18.9 |     121 |       9 |   6.9
            +---------+---------+-------+---------+---------+-------
        D:1 |      34 |       0 |   0.0 |      20 |       0 |   0.0
        D:2 |     107 |      22 |  17.1 |      29 |       7 |  19.4
        D:3 |     183 |     220 |  54.6 |      32 |       1 |   3.0
        D:4 |     338 |     217 |  39.1 |      11 |       1 |   8.3
        D:5 |     456 |       0 |   0.0 |      10 |       0 |   0.0
        D:6 |     857 |       0 |   0.0 |      19 |       0 |   0.0
            +---------+---------+-------+---------+---------+-------
